 Dungeon Crawl Stone Soup version 0.28.0 (webtiles) character file.

Game seed: 11989409073914718113

900 Angani the Skirmisher (level 7, -5/62 HPs)
             Began as a White Draconian Delver on Feb 13, 2022.
             Slain by an ogre (32 damage)
             ... on level 5 of the Dungeon.
             The game lasted 00:08:32 (5028 turns).

Angani the Skirmisher (White Draconian Delver)      Turns: 5028, Time: 00:08:33

Health: -5/62      AC:  6    Str: 15    XL:     7   Next: 79%
Magic:  10/10      EV: 13    Int: 12    God:
Gold:   132        SH:  0    Dex: 12    Spells: 4/10 levels left

rFire   . . .      SeeInvis .   q - +0 trident
rCold   + . .      Faith    .   (no shield)
rNeg    . . .      Spirit   .   (armour unavailable)
rPois   .          Reflect  .   (helmet restricted)
rElec   .          Harm     .   (no cloak)
rCorr   +          Rampage  .   (no gloves)
Will    .....      Clarity  +   (no boots)
Stlth   +++.......              p - amulet of magic regeneration
HPRegen 0.20/turn               i - ring of resist corrosion
MPRegen 0.52/turn               a - ring of wizardry

@: short of breath
A: breathe frost, AC +6, unfitting armour, cold resistance 1, cold-blooded,
clarity, MP-powered wands
a: Breathe Frost


You were on level 5 of the Dungeon.
You visited 1 branch of the dungeon, and saw 6 of its levels.

You collected 186 gold pieces.
You spent 54 gold pieces at shops.

Inventory:

Hand Weapons
 q - a +0 trident (weapon)
Jewellery
 a - a ring of wizardry (right hand)
 i - a ring of resist corrosion (left hand)
 p - an amulet of magic regeneration (around neck)
Wands
 f - a wand of digging (3)
 g - a wand of paralysis (8)
Scrolls
 b - a scroll of fog
 c - a scroll of magic mapping
 d - 2 scrolls of fear
 e - a scroll of enchant armour
 h - a scroll of amnesia
 j - a scroll of silence
 m - a scroll of blinking
 n - a scroll of holy word
 o - a scroll of teleportation
 r - a scroll of noise {unknown}
Potions
 k - 4 potions of attraction
 l - 2 potions of flight
 s - a potion of curing {unknown}


   Skills:
 - Level 5.6 Fighting
 - Level 4.7 Polearms
 - Level 3.7 Dodging
 - Level 4.5 Stealth
 + Level 2.4 Spellcasting
 + Level 1.5 Conjurations
 + Level 1.7 Transmutations
 + Level 1.2 Fire Magic
 + Level 1.5 Air Magic
 + Level 1.5 Poison Magic


You had 4 spell levels left.
You knew the following spells:

 Your Spells              Type           Power      Damage    Failure   Level
a - Mephitic Cloud        Conj/Pois/Air  5%         N/A       16%         3
b - Ignite Poison         Fire/Tmut/Pois 5%         N/A       16%         3

Your spell library contained the following spells:

 Spells                   Type           Power      Damage    Failure   Level
 Magic Dart               Conj           20%        1d4       6%          1
 Shock                    Conj/Air       20%        1d4       6%          1
 Blink                    Tloc           2%         N/A       16%         2
 Call Imp                 Summ           1%         N/A       16%         2
 Swiftness                Air            5%         N/A       16%         3
 Lesser Beckoning         Tloc           1%         N/A       30%         3
 Airstrike                Air            2%         N/A       45%         4
 Fulminant Prism          Conj/Hex       1%         3d6       56%         4
 Iskenderun's Mystic Bla  Conj/Tloc      3%         2d3       56%         4
 Lee's Rapid Deconstruct  Erth           0%         3d5*      94%         5
 Manifold Assault         Tloc           1%         N/A       94%         5
 Metabolic Englaciation   Hex/Ice        0%         N/A       94%         5
 Discord                  Hex            0%         N/A       100%        8


Dungeon Overview and Level Annotations

Branches:
Dungeon (6/15)
 Temple: D:4-7

Altars:

Shops:
D:2 !   D:3 ?   D:4 ?[

Annotations:
D:2 exclusion: ogre
D:4 3 runed translucent doors, exclusion: phantom, ilikefood's ghost, amateur OpTm
D:6 1 exclusion, Prince Ribbit


Innate Abilities, Weirdness & Mutations

You can breathe waves of freezing cold which knock back foes.
Your icy white scales are hard. (AC +6)
You cannot fit into any form of body armour.
Your flesh is cold resistant. (rC+)
You are cold-blooded and may be slowed by cold attacks.
You possess an exceptional clarity of mind.
You expend magic power (3 MP) to strengthen your wands.


Message History

The freezing breath hits the bullfrog zombie.
The bullfrog zombie resists.
The bullfrog zombie is moderately damaged.
The bullfrog zombie is blown backwards by the freezing wind.
The bullfrog zombie collides with the ogre!
The ogre is lightly wounded.
The bullfrog zombie is moderately damaged.
The freezing breath hits the ogre!
The ogre is heavily wounded.
The ogre is blown backwards by the freezing wind.
The ogre collides with the ogre!
The ogre is almost dead.
The ogre is severely wounded.
The freezing breath hits the ogre!
You kill the ogre!
The bullfrog zombie hits you.
Unknown command.
You hit the bullfrog zombie.
The bullfrog zombie is moderately damaged.
The bullfrog zombie barely misses you.
Reach: q) +0 trident
Press: ? - help, Dir - move target, f - ogre, p - bullfrog zombie
Aim: an ogre, wielding a +0 giant club (severely wounded, about 25% to evade your +0 trident)
The bullfrog zombie is in the way.
You closely miss the bullfrog zombie. You tail-slap the bullfrog zombie.
The bullfrog zombie is heavily damaged.
The bullfrog zombie hits you but does no damage.
Reach: q) +0 trident
Press: ? - help, Dir - move target, f/p - ogre
Aim: an ogre, wielding a +0 giant club (severely wounded, about 25% to evade your +0 trident)
The bullfrog zombie is in the way.
You hit the bullfrog zombie.
The bullfrog zombie is heavily damaged.
The bullfrog zombie barely misses you.
You hit the ogre.
The ogre is almost dead.
You hit the ogre but do no damage.
The ogre is almost dead.
The ogre hits you with a +0 giant club!!
Ouch! That really hurt!
You die...

########. #####
.........
########...###.#
..######
#.@OZ)...#.....#
#.########
#.######...#####
#........# #.#
#..## ########.#
####.######..#
#.#
#............#
#.#
#..#######..O#
#.###...#
#...###.#
#.......#
#.......# ###
#####...#
#.#.#####


You could see an ogre and a bullfrog zombie.

Vanquished Creatures
  2 ogres
  A black bear (D:4)
  A centaur (D:5)
  A phantom (D:4)
  A water moccasin skeleton (D:5)
  2 hounds
  A bullfrog skeleton (D:4)
  2 orc priests (D:4)
  An iguana (D:5)
  A hound zombie (D:5)
  A howler monkey zombie (D:6)
  7 adders
  8 gnolls
  2 adder skeletons
  A worm (D:2)
  4 dart slugs
  12 orcs
  A bat (D:3)
  9 endoplasms
  2 giant cockroaches
  5 goblins
  12 hobgoblins
  8 kobolds
  A quokka (D:3)
  3 ball pythons
  3 frilled lizards
  3 rats
95 creatures vanquished.

Notes
Turn   | Place    | Note
-------+----------+-------------------------------------------
     0 | D:5      | Angani the Draconian Delver began the quest for the Orb.
     0 | D:5      | Reached XP level 1. HP: 19/19 MP: 1/1
    21 | D:5      | Reached XP level 2. HP: 16/26 MP: 2/2
    29 | D:5      | Noticed an ogre
   189 | D:6      | Noticed Prince Ribbit
   213 | D:6      | Reached skill level 4 in Fighting
   213 | D:6      | Reached XP level 3. HP: 24/33 MP: 3/3
   350 | D:5      | Noticed a centaur
   536 | D:4      | Found Wettusi's Magic Scroll Emporium.
   536 | D:4      | Noticed a phantom
   541 | D:4      | Bought a scroll of identify for 24 gold pieces
   628 | D:3      | Reached XP level 4. HP: 39/40 MP: 4/4
  1187 | D:2      | Found Reacrer's Distillery.
  1197 | D:2      | Bought a potion of attraction for 30 gold pieces
  2157 | D:2      | Reached XP level 5. HP: 38/47 MP: 5/5
  2350 | D:2      | Noticed an ogre
  3313 | D:2      | Killed an ogre
  3314 | D:2      | Reached skill level 5 in Fighting
  3314 | D:2      | Reached XP level 6. HP: 52/56 MP: 6/6
  3364 | D:3      | Found Sapn's Magic Scroll Emporium.
  3772 | D:4      | Got the Incunabulum of Bewitching Toxins
  4016 | D:4      | Found a runed translucent gate.
  4016 | D:4      | Found a runed translucent gate.
  4016 | D:4      | Found a runed translucent gate.
  4017 | D:4      | Noticed ilikefood's ghost (amateur OpTm)
  4046 | D:4      | Found Rost's Armour Shop.
  4131 | D:4      | Reached skill level 1 in Spellcasting
  4390 | D:4      | Your scales start taking on an icy white colour.
  4390 | D:4      | Reached XP level 7. HP: 23/62 MP: 7/9
  4390 | D:4      | Gained mutation: Your flesh is cold resistant. (rC+) [White
                  | Draconian growth]
  4585 | D:4      | Learned a level 3 spell: Mephitic Cloud
  4589 | D:4      | Learned a level 3 spell: Ignite Poison
  4670 | D:4      | Gained mutation: You possess an exceptional clarity of
                  | mind. [potion of mutation]
  4670 | D:4      | Gained mutation: You expend magic power (3 MP) to
                  | strengthen your wands. [potion of mutation]
  4678 | D:5      | Reached skill level 1 in Transmutations
  4772 | D:5      | Reached skill level 1 in Conjurations
  4772 | D:5      | Reached skill level 1 in Air Magic
  4772 | D:5      | Reached skill level 1 in Poison Magic
  4963 | D:5      | Reached skill level 1 in Fire Magic
  5028 | D:5      | Slain by an ogre

Illustrated notes

Levels and vault maps discovered:
D:1:      scummos_arrival_gate, layout_basic
D:2:      layout_rooms, serial_shops, shop, minmay_splitting_lines
D:3:      layout_basic, serial_shops, nicolae_shop_statue_plus, serial_forest,
          infiniplex_forest_straight_3, infiniplex_forest_clump_long,
          infiniplex_forest_lined_corner, infiniplex_forest_lined_room_,
          infiniplex_forest_end_1, infiniplex_forest_lined_corner,
          infiniplex_forest_lined_corner, chequers_serial_rivers_micro_c
D:4:      layout_basic, ebering_ghost_rock_garden, serial_shops,
          nicolae_lakefront_shop, shop
D:5:      layout_loops_ring, grunt_decor_fettered, minmay_misc_feat_rows
D:6:      layout_gridville, uniq_prince_ribbit1

Skill      XL: |  1  2  3  4  5  6  7 |
---------------+----------------------+-----
Dodging        | 2 3 |  3.7
Fighting       | 4 5 |  5.6
Polearms       | 3 4 |  4.7
Spellcasting   | 1 2 |  2.4
Transmutations | 1 |  1.7
Conjurations   | 1 |  1.5
Air Magic      | 1 |  1.5
Poison Magic   | 1 |  1.5
Fire Magic     | 1 |  1.2
Stealth        | |  4.5

Action                   |  1- 3 |  4- 6 |  7- 9 || total
-------------------------+-------+-------+-------++-------
Melee: Spear             |    55 |   233 |       ||   288
       Tailslap          |     4 |    30 |    10 ||    44
       Punch             |     2 |     3 |       ||     5
       Trident           |       |    48 |    74 ||   122
Throw: Throwing net      |       |     1 |       ||     1
 Abil: Breathe Frost     |       |       |     4 ||     4
Evoke: Wand              |       |     1 |       ||     1
  Use: Scroll            |       |     6 |     3 ||     9
       Potion            |       |     1 |     2 ||     3
 Stab: Sleeping          |     2 |    18 |     1 ||    21
       Paralysed         |       |     5 |       ||     5
       Held in net/web   |       |     2 |       ||     2
Armor: Skin              |    14 |    41 |    20 ||    75
Dodge: Dodged            |    31 |   111 |    37 ||   179
